 Dungeon Crawl Stone Soup version 0.30-a0-949-g53dc5368d7 (webtiles) character file.

Game seed: 13919080512607840681

789 Gwe the Cleaver (level 7, -2/60 HPs)
             Began as a Minotaur Fighter on Mar 27, 2023.
             Was a Believer of Qazlal.
             Slain by a black bear (4 damage)
             ... on level 5 of the Dungeon.
             The game lasted 00:11:19 (3446 turns).

Gwe the Cleaver (Minotaur Fighter)                  Turns: 3446, Time: 00:11:20

Health: -2/60      AC: 14    Str: 29    XL:     7   Next: 56%
Magic:  7/7        EV:  7    Int: 11    God:    Qazlal [**....]
Gold:   351        SH:  8    Dex:  9    Spells: 6/6 levels left

rFire   . . .      SeeInvis .    a - +0 war axe
rCold   . . .      Faith    .    c - +0 buckler
rNeg    . . .      Spirit   .    o - +0 plate armour
rPois   .          Reflect  .    (helmet restricted)
rElec   .          Rampage  .    m - scarf {harm}
rCorr   .          Harm     + .  E - +0 pair of gloves
Will    .....                    z - +0 pair of boots Stlth
                                 (no amulet)
HPRegen 0.30/turn                u - +6 ring of intelligence
MPRegen 0.10/turn                y - +6 ring of strength

@: lethally poisoned (-2 -> -7)
A: horns 2, retaliatory headbutt
a: Renounce Religion, Upheaval


You were on level 5 of the Dungeon.
You worshipped Qazlal.
Qazlal was pleased with you.
You visited 1 branch of the dungeon, and saw 5 of its levels.
You also visited: Sewer.

You collected 351 gold pieces.

Inventory:

Hand Weapons
 a - a +0 war axe (weapon)
 s - a +0 whip of electrocution
Missiles
 B - 19 poisoned darts (quivered)
Armour
 c - a +0 buckler (worn)
 m - a scarf of harm (worn)
 o - a +0 plate armour (worn)
 z - a +0 pair of boots (worn)
 D - a +0 cloak
 E - a +0 pair of gloves (worn)
Magical Staves
 g - a staff of conjuration
 n - a staff of cold
 r - the staff of earth "Sobli" {rF- rC+ Str+3 Dex+3}
   (You found it on level 3 of the Dungeon)

   [staff of earth]

   Base accuracy: +5 Base damage: 5 Base attack delay: 1.2 This weapon's minimum
   attack delay (0.6) is reached at skill level 12.
   Str:       It affects your strength (+3).
   Dex:       It affects your dexterity (+3).
   rF:        It makes you vulnerable to fire.
   rC:        It protects you from cold.
   It falls into the 'Staves' category.
   It is a one-handed weapon.
Jewellery
 u - a +6 ring of intelligence (left hand)
 y - a +6 ring of strength (right hand)
Wands
 w - a wand of digging (4)
Scrolls
 e - a scroll of amnesia
 f - 2 scrolls of identify
 h - a scroll of noise
 v - a scroll of enchant armour
Potions
 b - 3 potions of magic {unknown}
 d - a potion of might
 i - a potion of brilliance {unknown}
 j - 4 potions of curing {unknown}
 k - a potion of attraction {unknown}
 l - 2 potions of ambrosia {unknown}
 p - a potion of haste {unknown}
 q - 3 potions of flight {unknown}
 t - a potion of degeneration {unknown}
 x - 5 potions of heal wounds {unknown}
 A - a potion of invisibility {unknown}
 C - 2 potions of mutation {unknown}
 F - a potion of lignification {unknown}


   Skills:
 + Level 4.8 Fighting
 * Level 8.1 Axes
 + Level 5.3 Armour
 + Level 1.2 Dodging
 + Level 4.5 Shields
 * Level 1.7 Invocations


You had 6 spell levels left.
You didn't know any spells.
Your spell library contained the following spells:

 Spells                   Type           Power      Damage    Failure   Level
 Beastly Appendage        Tmut           0%         N/A       99%         1
 Wereblood                Tmut           0%         N/A       100%        2
 Spider Form              Tmut/Pois      0%         N/A       100%        3


Dungeon Overview and Level Annotations

Branches:
Dungeon (5/15)              Sewer (visited)
 Temple: D:4-7

Altars:
Qazlal


Innate Abilities, Weirdness & Mutations

You have a pair of horns on your head.
You reflexively headbutt those who attack you in melee.


Message History

Your body is wracked with pain!
Ouch! That really hurt!
The water moccasin convulses!
The black bear convulses!
The orc convulses!
The water moccasin bites you but does no damage.
You slash Menkaure! Your headbutt misses Menkaure.
Menkaure is almost destroyed.
You slash the orc!
You kill the orc!
Qazlal accepts your kill.
You barely miss the water moccasin. The water moccasin bites you.
You are poisoned.
The water moccasin poisons you!
Menkaure gestures wildly while chanting.
Menkaure seems to speed up.
You hit Menkaure but do no damage.
Menkaure is almost destroyed.
You barely miss the black bear. You miss the water moccasin.
You feel very sick. The water moccasin bites you.
* * * LOW HITPOINT WARNING * * *
You block Menkaure's attack. The black bear completely misses you.
The black bear claws you but does no damage. x2
You block the water moccasin's attack. Menkaure hits you!
* * * LOW HITPOINT WARNING * * *
You slash Menkaure!
You destroy Menkaure!
Qazlal accepts your kill.
You slash the black bear! You slash the water moccasin!
You kill the water moccasin!
Qazlal accepts your kill.
* * * LOW HITPOINT WARNING * * *
You feel very sick.
The black bear bites you but does no damage.
The black bear claws you but does no damage. x2
Your Axes skill increases to level 8!
You hit the black bear but do no damage.
The black bear is almost dead.
* * * LOW HITPOINT WARNING * * *
You feel sick. You block the black bear's attack. The black bear claws you.
You die...

#...# ..8.. ##
#...# #. .8. #.
... #. ##.## #.
#h..# .. # ##@##
##. ##
$####)).####...#
.......#........#
####..###).####..
##
......#.......$.
#.
..####...####..##
#.
#....##.##....##
#. #####.....####
#. ......#.##.#.#
#.


You could see a black bear.

Vanquished Creatures
  Menkaure (D:5)
  A water moccasin (D:5)
  A phantom (D:3)
  A kobold brigand (Sewer)
  A jelly (D:5)
  Jessica (D:2)
  Natasha (thrice) (D:3)
  3 iguanas
  An orc wizard (D:5)
  7 adders
  3 gnolls (D:4)
  2 worms
  2 dart slugs
  13 orcs
  5 endoplasms
  5 giant cockroaches
  9 hobgoblins
  A jackal (D:3)
  17 kobolds
  5 quokkas
  12 ball pythons
  7 bats
  3 frilled lizards
  9 goblins
  13 rats
126 creatures vanquished.

Vanquished Creatures (others)
  An iguana (D:4)
  A hobgoblin (D:4)
  A plant (Sewer)
3 creatures vanquished.

Grand Total: 129 creatures vanquished

Notes
Turn   | Place    | Note
-------+----------+-------------------------------------------
     0 | D:1      | Gwe the Minotaur Fighter began the quest for the Orb.
     0 | D:1      | Reached XP level 1. HP: 19/19 MP: 0/0
    76 | D:2      | Reached XP level 2. HP: 25/27 MP: 1/1
   348 | D:1      | Reached skill level 3 in Axes
   801 | D:2      | Noticed Jessica
   810 | D:2      | Killed Jessica
   811 | D:2      | Reached XP level 3. HP: 29/33 MP: 2/2
   916 | D:2      | Reached XP level 4. HP: 40/40 MP: 3/3
  1219 | D:3      | Noticed Natasha
  1225 | D:3      | Killed Natasha
  1226 | D:3      | Reached skill level 4 in Axes
  1230 | D:3      | Noticed a phantom
  1249 | D:3      | Killed a phantom
  1250 | D:3      | Reached skill level 5 in Axes
  1250 | D:3      | Reached skill level 1 in Dodging
  1250 | D:3      | Reached XP level 5. HP: 46/46 MP: 4/4
  1351 | D:3      | Noticed Natasha
  1359 | D:3      | Killed Natasha
  1444 | D:3      | Identified the staff of earth "Sobli" {rF- rC+ Str+3 Dex+3}
  1765 | D:3      | Found a faded altar of an unknown god.
  1781 | D:3      | Prayed at the altar of an unknown god.
  1781 | D:3      | Became a worshipper of Qazlal Stormbringer
  1781 | D:3      | Reached * piety under Qazlal
  2078 | D:3      | Noticed Natasha
  2082 | D:3      | Killed Natasha
  2083 | D:3      | Reached skill level 6 in Axes
  2083 | D:3      | Reached XP level 6. HP: 52/52 MP: 5/5
  2580 | D:5      | Entered Level 5 of the Dungeon
  2587 | D:5      | Found a glowing drain.
  2597 | Sewer    | Entered a sewer
  2689 | Sewer    | Reached ** piety under Qazlal
  2772 | Sewer    | Reached skill level 5 in Armour
  2772 | Sewer    | Reached skill level 1 in Invocations
  2879 | D:5      | Reached skill level 7 in Axes
  2882 | D:5      | Reached XP level 7. HP: 58/60 MP: 6/6
  3438 | D:5      | Noticed Menkaure
  3445 | D:5      | Killed Menkaure
  3446 | D:5      | Reached skill level 8 in Axes
  3446 | D:5      | HP: 2/60 [poisoned by a water moccasin]
  3446 | D:5      | Slain by a black bear

Illustrated notes

Levels and vault maps discovered:
D:1:      mrwooster_arrival_statue_3, layout_basic, corexii_hall_statues_i
D:2:      layout_rooms, uniq_jessica
D:3:      minmay_octagon_keep, layout_basic, nicolae_ecumenical_lake_church,
          uniq_natasha
D:4:      layout_loops_corners, lemuel_flame_loot_1
D:5:      wad_crossroads, layout_loops_ring, dk_xom_monty_hall,
          portal_sewer_entry_a, ebering_ghost_disaster_area, uniq_menkaure

Skill      XL: |  1  2  3  4  5  6  7 |
---------------+----------------------+-----
Armour         | 4 5 |  5.3
Axes           | 3 5 6 7 8 |  8.1
Fighting       | 4 |  4.8
Shields        | 4 |  4.5
Dodging        | 1 |  1.2
Invocations    | 1 |  1.7

Action                     |  1- 3 |  4- 6 |  7- 9 || total
---------------------------+-------+-------+-------++-------
  Melee: War axe           |    67 |   148 |    19 ||   234
         Headbutt          |     3 |    22 |     2 ||    27
    Use: Scroll            |       |     3 |       ||     3
 Armour: Scale mail        |    24 |       |       ||    24
         Plate armour      |     6 |   107 |    14 ||   127
  Dodge: Dodged            |    41 |    50 |     9 ||   100
  Block: Buckler           |    25 |    45 |     7 ||    77

Table legend: (Time is in decaauts)
 A = Elapsed time spent in this place.
 B = Non-inter-level travel time spent in this place.
 C = Inter-level travel time spent in this place.
 D = Time resting spent in this place.
 E = Time spent auto-exploring this place.
 F = Levels seen in this place.
 G = Mean time per level.
                   A        B        C        D        E       F      G
               +--------+--------+--------+--------+--------+-----+--------+
         Total |   3537 |   3414 |    123 |    233 |   1917 |   6 |  589.5 |
       Dungeon |   3258 |   3135 |    123 |    233 |   1816 |   5 |  651.6 |
         Sewer |    279 |    279 |      0 |      0 |    100 |   1 |  279.0 |
               +--------+--------+--------+--------+--------+-----+--------+

Top non-repeatable levels by time:
     D:3: 946 daAuts
     D:4: 942 daAuts
     D:1: 719 daAuts
     D:2: 491 daAuts
   Sewer: 279 daAuts
     D:5: 157 daAuts
